 Dungeon Crawl Stone Soup version 0.28.0-53-g5a82cb258f (webtiles) character file.

Game seed: 6346120079854050856

119 Gabide the Skirmisher (level 4, -3/38 HPs)
             Began as a Mummy Berserker on June 20, 2022.
             Was a Believer of Trog.
             Killed from afar by an orc wizard (16 damage)
             ... with a puff of flame
             ... on level 4 of the Dungeon.
             The game lasted 00:04:53 (3989 turns).

Gabide the Skirmisher (Mummy Berserker)             Turns: 3989, Time: 00:05:01

Health: -3/38      AC:  6    Str: 22    XL:     4   Next: 73%
Magic:  4/4        EV: 10    Int: 12    God:    Trog [**....]
Gold:   865        SH:  0    Dex: 11    Spells: 3/3 levels left

rFire   x . .      SeeInvis .     - Unarmed
rCold   + . .      Faith    .   (no shield)
rNeg    + + +      Spirit   .   e - +0 scale mail
rPois   ∞          Reflect  .   (no helmet)
rElec   .          Harm     .   (no cloak)
rCorr   .          Rampage  .   (no gloves)
Will    ++...                   (no boots)
Stlth   ..........              (no amulet)
HPRegen 1.12/turn               c - +6 ring of intelligence
MPRegen 0.09/turn               (no ring)

@: strong-willed, regenerating
A: cold resistance 1, negative energy resistance 3, torment resistance 2, heat
vulnerability 1, no potions
a: Renounce Religion, Trog's Hand


You were on level 4 of the Dungeon.
You worshipped Trog.
Trog was pleased with you.
You visited 1 branch of the dungeon, and saw 4 of its levels.

You collected 865 gold pieces.

Inventory:

Missiles
 d - a datura-tipped dart (quivered)
 f - 5 poisoned darts
Armour
 e - a +0 scale mail (worn)
Jewellery
 c - a +6 ring of intelligence (left hand)
Scrolls
 b - 5 scrolls of identify


   Skills:
 + Level 4.4 Fighting
 - Level 1.5 Armour
 - Level 1.5 Dodging
 + Level 3.6 Unarmed Combat


You had 3 spell levels left.
You didn't know any spells.
Your spell library was empty.

Dungeon Overview and Level Annotations

Branches:
Dungeon (4/15)             Temple (0/1) D:4

Altars:
Uskayaw


Innate Abilities, Weirdness & Mutations

You are immune to poison.
Your flesh is cold resistant. (rC+)
You are immune to negative energy. (rN+++)
You are immune to unholy pain and torment.
You are vulnerable to heat. (rF-)
You do not drink.


Message History

The orc barely misses you.
You hit the orc but do no damage.
The orc is severely wounded.
You hit the orc.
The orc is almost dead.
You closely miss something. Something hits you.
You can't drink.
Unknown command.
You hit something but do no damage.
You hear some strange, mumbled words.
A puff of flame appears from out of thin air!
The puff of flame hits you. The fire burns you terribly! Something hits you.
Okay, then.
Your skin crawls.
You feel strong-willed. Something hits you.
Something hits you but does no damage.
You barely miss something. Something hits you.
* * * LOW HITPOINT WARNING * * *
Something completely misses you.
You completely miss something.
Something hits you but does no damage. x2
You barely miss something.
You hear some strange, mumbled words.
A magic dart appears from out of thin air!
The magic dart hits you.
* * * LOW HITPOINT WARNING * * *
Something hits you but does no damage.
You hit something.
Something hits you but does no damage. x2
Throw: 2 darts (datura)
Press: ? - help, Q - select action, (/) - cycle Shift-Dir - straight line You throw a datura-tipped dart.
Something closely misses the orc.
The orc hits something with a +0 hand axe.
Something hits you but does no damage.
You miss something. Your punch misses something.
Something hits the orc!
The orc dies!
Trog accepts your kill.
You hear some strange, mumbled words.
A puff of flame appears from out of thin air!
The puff of flame hits you! The fire burns you terribly!
You die...

.... ..>.. #..#.
#.>#.#
#).#.##..#.#
.... ...(#.#
###..###...#.#
..).#.....#.#
#{##.##....#
#@{....(...#####
####.#.#..)#...#
#.#.#...#.#.#
#.####...####
#.# #.⌠.# ####
#.####...###)..
#.#.........###
#.#.⌠..>..⌠....
#.#..........##


There were no monsters in sight!

Vanquished Creatures
  4 adders
  3 worms
  A dart slug (D:3)
  7 orcs
  3 endoplasms
  A giant cockroach (D:1)
  3 goblins
  8 hobgoblins
  2 jackals (D:4)
  A quokka (D:2)
  8 ball pythons
  4 bats
  8 frilled lizards
  9 kobolds
  3 rats
65 creatures vanquished.

Vanquished Creatures (collateral kills)
  An orc (D:4)
1 creature vanquished.

Vanquished Creatures (others)
  6 plants (D:2)
6 creatures vanquished.

Grand Total: 72 creatures vanquished

Notes
Turn   | Place    | Note
-------+----------+-------------------------------------------
     0 | D:1      | Gabide the Mummy Berserker began the quest for the Orb.
     0 | D:1      | Reached XP level 1. HP: 18/18 MP: 1/1
   583 | D:1      | Reached XP level 2. HP: 19/24 MP: 2/2
  1705 | D:2      | Reached XP level 3. HP: 28/30 MP: 3/3
  1773 | D:2      | Reached ** piety under Trog
  1965 | D:2      | Found a faded altar of an unknown god.
  2139 | D:2      | Reached skill level 4 in Fighting
  2472 | D:2      | Identified a scroll of acquirement
  2473 | D:2      | Acquired 700 gold pieces
  2602 | D:3      | Reached XP level 4. HP: 30/37 MP: 4/4
  3505 | D:3      | Noticed a +0 spear
  3506 | D:3      | Noticed a +0 short sword
  3506 | D:3      | Noticed a +0 short sword
  3507 | D:3      | Noticed a +0 spear
  3507 | D:3      | Noticed a +0 falchion
  3507 | D:3      | Noticed a +0 dagger
  3508 | D:3      | Noticed a +0 dagger
  3509 | D:3      | Noticed a +0 falchion
  3512 | D:3      | Found a hide-covered altar of Uskayaw.
  3892 | D:4      | Found a staircase to the Ecumenical Temple.
  3989 | D:4      | Killed from afar by an orc wizard

Illustrated notes

Levels and vault maps discovered:
D:1:      minmay_arrival_split_and_join, layout_basic
D:2:      layout_basic, serial_bayou, serial_bayou_lake_a,
          serial_bayou_crossing, serial_bayou_pond_d, serial_bayou_pond_d,
          hellmonk_ecumenical_altar_lost_god
D:3:      layout_loops_corners, nicolae_uskayaw_en_pointe, corexii_shack
D:4:      layout_basic, nzn_wu_jian_contemplation, evilmike_ruin_ashenzari,
          minmay_temple_entry_junction, uniq_duvessa

Skill      XL: |  1  2  3 |
---------------+----------+-----
Unarmed Combat | 3 |  3.6
Fighting       | 4 |  4.4
Armour         | |  1.5
Dodging        | |  1.5

Action                   |  1- 3 |  4- 6 || total
-------------------------+-------+-------++-------
Melee: Unarmed           |   167 |   123 ||   290
       Punch             |     3 |     5 ||     8
Throw: Dart              |       |     1 ||     1
Invok: Trog's Hand       |       |     1 ||     1
  Use: Scroll            |     2 |     1 ||     3
Armor: Animal skin       |     5 |       ||     5
       Leather armour    |     7 |       ||     7
       Scale mail        |    54 |    55 ||   109
Dodge: Dodged            |    92 |    46 ||   138
